 Dungeon Crawl Stone Soup version 0.31.0-11-ge490571c62 (webtiles) character file.

Game seed: 5947625104910635513

51511 Xavori the Carver (level 15, -2/105 HPs)
             Began as a Djinni Chaos Knight on Jan 26, 2024.
             Was a Plaything of Xom.
             Slain by Rupert
             ... wielding a +3 executioner's axe of freezing
              (12 damage)
             ... on level 5 of the Lair of Beasts.
             The game lasted 00:40:09 (20794 turns).

Xavori the Carver (Djinni Chaos Knight)            Turns: 20794, Time: 00:40:09

Health: -2/105     AC: 20    Str: 18    XL:     15   Next: 2%
Gold:   1615       EV: 17    Int: 20    God:    Xom [..*...] SH:  0 Dex: 22

rFire   + . .        a - +0 falchion (chaos)
rCold   . . .        (no shield)
rNeg    . . .        N - +4 ring mail "Gusumec" {Str+3}
rPois   ∞            (helmet restricted)
rElec   .            R - +2 cloak {Will+}
rCorr   +            F - +0 pair of gloves
SInv    .            (boots unavailable)
Will    +++..        P - amulet of regeneration
Stlth   +++          e - ring of ice
HPRegen 1.17/turn    n - ring "Unnocs" {rCorr Str+5 Int+6 Dex-3}
MPRegen 0.00/turn

%: infuse magic (-3 HP)
@: about to teleport, cleaving, flying
A: sickness immunity, fire resistance 2, cold vulnerability 1, float, innate
caster, HP casting, extra vitality 1, antennae 1, claws 1, fangs 1, iridescent
scales 2, thin skeletal structure 1, camouflage 1, agile 1, strong-willed 1,
shaggy fur 1, wild magic 1, no potion heal 1, MP-powered wands
a: Renounce Religion


You were on level 5 of the Lair of Beasts.
You worshipped Xom.
You were a toy of Xom.
You visited 2 branches of the dungeon, and saw 16 of its levels.
You also visited: Gauntlet and Volcano.

You collected 1615 gold pieces.

Inventory:

Hand Weapons
 a - a +0 falchion of chaos (weapon)
 S - the +8 storm bow {elec, penet}
   (You found it on level 3 of the Lair of Beasts)
Missiles
 H - 3 throwing nets (quivered)
Armour
 b - a +2 leather armour
 l - a +0 troll leather armour
 F - a +0 pair of gloves (worn)
 J - the +5 scale mail of Focus {Will+}
   (Xom gifted it to you on level 10 of the Dungeon)

   Will+:     It increases your willpower.
 N - the +4 ring mail "Gusumec" (worn) {Str+3}
   (You found it on level 11 of the Dungeon)

   Str+3:     It affects your strength (+3).
 R - a +2 cloak of willpower (worn)
 T - a scarf of invisibility
Jewellery
 e - a ring of ice (left hand)
 i - an amulet of reflection
 n - the ring "Unnocs" (right hand) {rCorr Str+5 Int+6 Dex-3}
   (Xom gifted it to you on level 2 of the Dungeon)

   [ring of intelligence]

   Str+5:     It affects your strength (+5).
   Int+6:     It affects your intelligence (+6).
   Dex-3:     It affects your dexterity (-3).
   rCorr:     It protects you from acid and corrosion.
 y - an amulet of faith
 M - an amulet of the acrobat
 P - an amulet of regeneration (around neck)
Wands
 p - a wand of polymorph (16)
 u - a wand of roots (12)
 x - a wand of mindburst (6)
 z - a wand of flame (13)
 D - a wand of digging (2)
 E - a wand of charming (7)
Scrolls
 c - a scroll of butterflies
 d - 3 scrolls of vulnerability
 h - 3 scrolls of amnesia
 j - 2 scrolls of fog
 m - 3 scrolls of teleportation
 q - 5 scrolls of fear
 r - 3 scrolls of identify
 t - 4 scrolls of immolation
 A - 5 scrolls of enchant weapon
 G - 2 scrolls of enchant armour
 K - 4 scrolls of torment
 L - 3 scrolls of blinking
 U - a scroll of brand weapon
 V - a scroll of silence
 W - a scroll of poison {unknown}
Potions
 f - 3 potions of might
 g - 4 potions of mutation
 k - 5 potions of curing {unknown}
 o - 4 potions of haste
 s - 2 potions of brilliance {unknown}
 w - 4 potions of heal wounds {unknown}
 B - 2 potions of enlightenment
 C - 3 potions of lignification
 I - 2 potions of magic {unknown}
 Q - a potion of ambrosia {unknown}
 X - a potion of invisibility
Miscellaneous
 v - a phantom mirror
 O - a sack of spiders


   Skills:
 + Level 9.2 Fighting
 + Level 12.4 Long Blades
 + Level 0.1 Throwing
 + Level 6.9 Armour
 + Level 8.8 Dodging
 + Level 4.8 Shields
 * Level 11.0 Spellcasting
 * Level 11.0 Conjurations
 * Level 11.0 Hexes
 * Level 11.0 Summonings
 * Level 11.0 Necromancy
 * Level 11.0 Translocations
 * Level 11.0 Fire Magic
 * Level 11.0 Ice Magic
 * Level 11.0 Air Magic
 * Level 11.0 Earth Magic
 * Level 11.0 Alchemy
 * Level 8.9 Evocations


You knew the following spells:

 Your Spells              Type           Power      Damage    Failure   Level
a - Foxfire               Conj/Fire      100%       2x1d9     1%          1
b - Momentum Strike       Conj/Tloc      100%       3d10      1%          2
c - Mephitic Cloud        Conj/Alch/Air  64%        N/A       1%          3
d - Iskenderun's Mystic   Conj/Tloc      64%        2d13      2%          4
e - Olgreb's Toxic Radia  Alch           64%        N/A       2%          4
f - Fireball              Conj/Fire      32%        3d14      5%          5
g - Bombard               Conj/Erth      32%        9d6       24%         6
Your spell library was empty.

Dungeon Overview and Level Annotations

Branches:
Dungeon (11/15)            Temple (0/1) D:4            Lair (5/5) D:10
  Swamp (0/4) Lair:3        Snake (0/4) Lair:3        Slime (0/5) Lair:4
Volcano (visited)         Gauntlet (visited)
    Orc: D:9-12

Altars:
Cheibriados
Okawaru
Trog
Wu Jian
Xom
The Shining One
Jiyva

Annotations:
D:7 3 runed translucent doors, Consumeair16's ghost, novice GrMo; ggggg's ghost, novice MiFi; tdog's ghost, novice SpBr
D:10 2 transporters, TheUltimateLifeform's ghost, journeyman HOFi
D:11 1 runed translucent door, Zeia's ghost, novice MiFi
Lair:5 Kirke; Rupert


Innate Abilities, Weirdness & Mutations

You are immune to sickness and miasma.
You are immune to poison.
Your flesh is very heat resistant. (rF++)
You are vulnerable to cold. (rC-)
You float through the air rather than walking.
You learn spells naturally, not from books.
Your magical power is your life essence.
You have superior vitality. (+4 MHP)
You have a pair of small antennae on your head.
You have sharp fingernails.
You have very sharp teeth.
You are mostly covered in iridescent scales. (AC +4)
You have a somewhat thin skeletal structure. (Dex +2, Stealth+)
Your skin changes colour to match your surroundings (Stealth+).
You are agile. (Dex +4, Str/Int -1)
You are strong-willed. (Will+)
You are covered in fur. (AC +1)
Your spells are a little harder to cast, but a little more powerful.
Potions are less effective at restoring your health.
You expend health (3 HP) to strengthen your wands.


Message History

Xom grants you a minor favour.
Your +0 falchion of chaos looks sharp.
The water moccasin closely misses you.
Unknown command.
Unknown command.
Casting: Mephitic Cloud (safe; 1% risk of failure)
Confirm with . or Enter, or press ? or * to list all spells.
Aiming: Mephitic Cloud (safe; 1% risk of failure)
Press: ? - help, Shift-Dir - straight line, f - water moccasin
Aim: a water moccasin (not susceptible)
The ball explodes into a vile cloud!
The stinking cloud engulfs the water moccasin.
The stinking cloud engulfs something.
The stinking cloud engulfs you.
The stinking cloud engulfs the iguana.
You hear an angry hiss.
The water moccasin bites you but does no damage.
Rupert says, "Strength rules this world!"
Rupert roars madly and goes into a rage!
Rupert goes berserk!
The iguana is engulfed in noxious fumes.
As you read the scroll of teleportation, it crumbles to dust.
You feel strangely unstable. Xom grants you a minor favour.
Your +0 falchion of chaos looks sharp.
You are now a toy of Xom.
The iguana is engulfed in noxious fumes.
The iguana appears confused.
Unknown command.
You hit the water moccasin. Your bite misses the water moccasin.
The water moccasin is moderately wounded.
You completely miss Rupert. You miss something.
Rupert hits you with a +3 executioner's axe of freezing!!
Rupert freezes you! The water moccasin barely misses you. Something hits you!
Unknown command.
Rupert hits you with a +3 executioner's axe of freezing!!
* * * LOW HITPOINT WARNING * * *
Rupert freezes you!
You die...
Rupert roars with triumph.
Xom is highly amused!

...~~... ..... ♣..##
#############..##
#............l..##
#........§4§..#.##
##.......S{####{.##
#.".#...#§#####4.#
#P..P.##..@@##P#..##
##...#...P##§#@...#####
#..###.....§☼........#
##. #..#..#...^P#...##
#.#.######.P...##...#
.. #....###..## P
#.P.#.##..# ###..####.#
#..# #....P...


You could see Rupert (berserk), an orange demon (summoned) and an iguana
(confused).

Vanquished Creatures
  A minotaur (Gauntlet)
  An entropy weaver (shapeshifter) (D:11)
  Harold (D:9)
  4 two-headed ogres
  2 boulder beetles
  10 death yaks
  Nergalle (Lair:2)
  A fire crab (shapeshifter) (D:11)
  A swamp dragon (Lair:3)
  2 deep elf archers (D:11)
  2 deep elf pyromancers (D:11)
  A shining eye (Lair:1)
  An ugly thing (Volcano)
  A cyclops (D:11)
  Maurice (D:7)
  An orc sorcerer (Volcano)
  4 elephants (Lair:3)
  5 black mambas
  2 torpor snails
  2 molten gargoyles (Volcano)
  A smoke demon (Volcano)
  5 cane toads
  A gargoyle (D:11)
  6 rime drakes
  6 komodo dragons
  A freezing wraith (D:10)
  A tyrant leech (Lair:5)
  9 hornets
  A polar bear (Lair:2)
  A troll (D:10)
  16 blink frogs
  A spriggan (shapeshifter) (D:11)
  A culicivora (shapeshifter) (D:11)
  32 yaks
  A vampire (D:11)
  7 fire bats
  7 hogs
  A golden eye (D:11)
  3 steam dragons
  8 basilisks
  A warg (Lair:3)
  3 vampire mosquitoes (D:11)
  3 nagas (Lair:3)
  8 water moccasins
  2 acid dragons (Lair:5)
  The ghost of tdog the Covert, an amateur SpBr (D:3)
  4 hell hounds
  4 sky beasts
  3 black bears
  An orc warrior (D:10)
  5 ice beasts
  15 wolves
  5 ogres
  6 centaurs
  The ghost of DemonSlayer the Digger, an amateur DsEE (D:3)
  2 phantoms (D:4)
  The ghost of pigah the Changeling, an amateur OpSh (D:3)
  2 kobold brigands (D:10)
  2 scorpions
  11 bullfrogs
  2 gnoll sergeants
  2 necrophages (D:5)
  4 wights
  A water moccasin zombie (D:5)
  17 killer bees
  A water moccasin skeleton (D:5)
  4 electric eels
  4 howler monkeys
  3 lava snakes (Volcano)
  A bombardier beetle (D:4)
  A centaur zombie (D:5)
  A human zombie (D:5)
  3 gnoll boudas
  4 hounds
  An iron imp (D:3)
  7 jellies
  11 orc priests
  3 sleepcaps
  2 centaur skeletons (D:5)
  6 iguanas
  19 orc wizards
  3 hound zombies (D:5)
  Robin (D:4)
  15 gnolls
  7 adders
  A shadow imp (D:5)
  2 white imps
  An ufetubus (D:7)
  A ribbon worm (D:2)
  7 dart slugs
  48 orcs
  15 endoplasms
  3 giant cockroaches
  7 goblins
  7 hobgoblins
  3 jackals (D:1)
  6 quokkas
  5 ball pythons
  3 bats
  4 frilled lizards
  18 kobolds
  3 rats
  A butterfly (Lair:4)
491 creatures vanquished.

Vanquished Creatures (collateral kills)
  A hornet (D:7)
  An ogre (D:7)
  A bullfrog (D:7)
  5 wights (D:7)
  A gnoll bouda (D:7)
  A hound (D:5)
  An orc wizard (D:7)
11 creatures vanquished.

Vanquished Creatures (others)
  A deep elf pyromancer (D:11)
  An ugly thing (Volcano)
  A torpor snail (Lair:5)
  A cane toad (Lair:2)
  3 yaks (Lair:2)
  A water moccasin (Lair:3)
  2 bullfrogs
  An iguana (D:7)
11 creatures vanquished.

Grand Total: 513 creatures vanquished

Notes
Turn   | Place    | Note
-------+----------+-------------------------------------------
     0 | D:1      | Xavori the Djinni Chaos Knight began the quest for the Orb.
     0 | D:1      | Reached XP level 1. HP: 20/20 MP: 0/0
     0 | D:1      | XOM: silly message
   128 | D:1      | Reached XP level 2. HP: 25/25 MP: 0/0
   237 | D:1      | XOM: 1-stop teleportation journey
   320 | D:1      | XOM: divination: detect creatures
   323 | D:1      | Reached skill level 3 in Long Blades
   445 | D:1      | Reached XP level 3. HP: 26/30 MP: 0/0
   445 | D:1      | Learned a level 1 spell: Foxfire
   510 | D:1      | XOM: silly message
   566 | D:1      | XOM: silly message
   586 | D:1      | XOM: potion effect (might)
   590 | D:1      | XOM: silly message
   619 | D:1      | XOM: silly message
   868 | D:1      | XOM: divination: detect creatures
  1271 | D:1      | XOM: cloud trail
  2798 | D:1      | XOM: scenery: create altars
  2814 | D:1      | XOM: cloud trail
  2872 | D:1      | XOM: silly message
  2892 | D:1      | XOM: give mutation
  2892 | D:1      | Gained mutation: You have sharp fingernails. [Xom's
                  | mischief]
  2897 | D:1      | XOM: noise
  3009 | D:1      | XOM: give mutations
  3009 | D:1      | Gained mutation: You are weak. (Str -2) [Xom's mischief]
  3009 | D:1      | Gained mutation: You possess an exceptional clarity of
                  | mind. [Xom's mischief]
  3152 | D:1      | XOM: give mutation
  3152 | D:1      | Gained mutation: You have very sharp teeth. [Xom's
                  | mischief]
  3272 | D:2      | XOM: 2-stop teleportation journey
  3346 | D:2      | XOM is BORED!
  3346 | D:2      | XOM: silly message
  3355 | D:2      | Reached XP level 4. HP: 35/35 MP: 0/0
  3626 | D:2      | XOM: 7-stop teleportation journey
  3807 | D:2      | Identified the ring "Unnocs" {rCorr Str+5 Int+6 Dex-3} (Xom
                  | gifted it to you on level 2 of the Dungeon)
  3807 | D:2      | XOM: god gift: ring "Unnocs" {rCorr Str+5 Int+6 Dex-3}
  3921 | D:3      | Found a runed translucent gate.
  3921 | D:3      | Found a runed translucent gate.
  3921 | D:3      | Found a runed translucent gate.
  3926 | D:3      | Noticed DemonSlayer's ghost (amateur DsEE)
  3926 | D:3      | Noticed pigah's ghost (amateur OpSh)
  3926 | D:3      | Noticed tdog's ghost (amateur SpBr)
  3995 | D:3      | XOM: god gift: lead wand {god gift}
  4058 | D:3      | Found a bloodstained altar of Trog.
  4106 | D:3      | Reached XP level 5. HP: 32/40 MP: 0/0
  4106 | D:3      | Learned a level 2 spell: Momentum Strike
  4138 | D:3      | Found an ornate altar of the Wu Jian Council.
  4203 | D:3      | Reached skill level 1 in Spellcasting
  4203 | D:3      | Reached skill level 1 in Conjurations
  4203 | D:3      | Reached skill level 1 in Hexes
  4203 | D:3      | Reached skill level 1 in Summonings
  4203 | D:3      | Reached skill level 1 in Necromancy
  4203 | D:3      | Reached skill level 1 in Translocations
  4203 | D:3      | Reached skill level 1 in Fire Magic
  4203 | D:3      | Reached skill level 1 in Ice Magic
  4203 | D:3      | Reached skill level 1 in Air Magic
  4203 | D:3      | Reached skill level 1 in Earth Magic
  4203 | D:3      | Reached skill level 1 in Alchemy
  4253 | D:3      | XOM: give mutation
  4253 | D:3      | Gained mutation: Potions are less effective at restoring
                  | your health. [Xom's mischief]
  4303 | D:3      | Noticed Grinder
  4303 | D:3      | Paralysed by Grinder for 3 turns
  4304 | D:3      | XOM: butterfly on damage
  4310 | D:3      | Paralysed by Grinder for 5 turns
  4317 | D:3      | XOM: enchant monster (bad)
  4326 | D:3      | Grinder changed into Grinder the iron imp
  4326 | D:3      | Noticed Grinder
  4326 | D:3      | XOM: polymorph Grinder -> Grinder the iron imp
  4333 | D:3      | Killed Grinder the iron imp
  4334 | D:3      | Reached skill level 4 in Long Blades
  4471 | D:3      | XOM: stat loss: -1 Dex (11/12)
  4574 | D:3      | Found a faded altar of an unknown god.
  4582 | D:3      | XOM: 2-stop teleportation journey
  4741 | D:3      | XOM: chaos cloud
  4745 | D:3      | Reached XP level 6. HP: 33/47 MP: 0/0
  5052 | D:3      | XOM: swap monsters
  5057 | D:3      | Killed DemonSlayer's ghost
  5057 | D:3      | XOM: smoke on damage
  5073 | D:3      | Killed tdog's ghost
  5074 | D:3      | Reached XP level 7. HP: 27/52 MP: 0/0
  5074 | D:3      | Learned a level 3 spell: Mephitic Cloud
  5083 | D:3      | Killed pigah's ghost
  5084 | D:3      | Reached skill level 5 in Long Blades
  5260 | D:4      | XOM: god gift: hand axe {god gift}
  5322 | D:4      | Found a staircase to the Ecumenical Temple.
  5517 | D:4      | XOM: give mutations
  5517 | D:4      | Gained mutation: You have a pair of small horns on your
                  | head. [Xom's grace]
  5517 | D:4      | Gained mutation: Your mind is acute. (Int +4, Str/Dex -1)
                  | [Xom's grace]
  5687 | D:4      | Noticed a water moccasin
  5687 | D:4      | XOM: 6-stop teleportation journey
  5723 | D:4      | XOM: confuse monster(s)
  5749 | D:4      | Reached XP level 8. HP: 50/58 MP: 0/0
  5850 | D:4      | XOM: 1-stop teleportation journey
  6080 | D:4      | Reached skill level 6 in Long Blades
  6080 | D:4      | Reached skill level 1 in Shields
  6178 | D:4      | Noticed Robin
  6186 | D:4      | XOM: chaos upgrade
  6194 | D:4      | Killed Robin
  6471 | D:5      | XOM: stealth player
  6471 | D:5      | Entered Level 5 of the Dungeon
  6486 | D:5      | Found a snail-covered altar of Cheibriados.
  6800 | D:5      | XOM: 1-stop teleportation journey
  6955 | D:5      | XOM: 3-stop teleportation journey
  6980 | D:5      | XOM: summons 4 friendly demons
  7119 | D:5      | Reached skill level 5 in Fighting
  7119 | D:5      | Reached XP level 9. HP: 55/65 MP: 0/0
  7119 | D:5      | Learned a level 4 spell: Iskenderun's Mystic Blast
  7258 | D:5      | XOM: god gift: 2 silver javelins
  7310 | D:5      | XOM: god gift: cloak {god gift}
  7474 | D:5      | XOM: cleaving
  7630 | D:5      | XOM: god gift: 26 gold pieces
  7867 | D:5      | Reached skill level 7 in Long Blades
  8034 | D:6      | XOM: scenery: create altars
  8042 | D:6      | XOM: 4-stop teleportation journey
  8131 | D:6      | XOM: potion effect (haste)
  8132 | D:6      | XOM: give mutations
  8132 | D:6      | Gained mutation: You expend health (3 HP) to strengthen
                  | your wands. [Xom's grace]
  8132 | D:6      | Gained mutation: You have a somewhat thin skeletal
                  | structure. (Dex +2, Stealth+) [Xom's grace]
  8132 | D:6      | Gained mutation: You are partially covered in iridescent
                  | scales. (AC +2) [Xom's grace]
  8132 | D:6      | Gained mutation: Your spells are a little harder to cast,
                  | but a little more powerful. [Xom's grace]
  8294 | D:6      | XOM: divination: magic mapping
  8406 | D:6      | XOM: scenery: create altars
  8443 | D:6      | Reached skill level 5 in Dodging
  8611 | D:6      | XOM: 1-stop teleportation journey
  9310 | D:7      | XOM: enchant monster (bad)
  9324 | D:7      | Reached skill level 8 in Long Blades
  9324 | D:7      | Reached XP level 10. HP: 63/72 MP: 0/0
  9324 | D:7      | XOM: god gift: 20 gold pieces
  9458 | D:7      | Found a runed translucent gate.
  9459 | D:7      | Found a runed translucent gate.
  9460 | D:7      | Found a runed translucent gate.
  9461 | D:7      | Noticed ggggg's ghost (novice MiFi)
  9461 | D:7      | Noticed tdog's ghost (novice SpBr)
  9461 | D:7      | Noticed Consumeair16's ghost (novice GrMo)
  9478 | D:7      | Noticed Maurice
  9479 | D:7      | XOM: chaos cloud
  9482 | D:7      | XOM: divine lightning
  9486 | D:7      | Killed Maurice
  9487 | D:7      | Reached skill level 5 in Armour
  9619 | D:7      | Reached skill level 9 in Long Blades
  9645 | D:7      | Found a shimmering altar of Xom.
  9669 | D:7      | XOM: draining
  9698 | D:7      | XOM: noise
  9897 | D:7      | Noticed a two-headed ogre
  9918 | D:7      | XOM: blink monster(s)
  9925 | D:7      | Killed a two-headed ogre
  9926 | D:7      | Reached skill level 5 in Spellcasting
  9926 | D:7      | Reached skill level 5 in Conjurations
  9926 | D:7      | Reached skill level 5 in Hexes
  9926 | D:7      | Reached skill level 5 in Summonings
  9926 | D:7      | Reached skill level 5 in Necromancy
  9926 | D:7      | Reached skill level 5 in Translocations
  9926 | D:7      | Reached skill level 5 in Fire Magic
  9926 | D:7      | Reached skill level 5 in Ice Magic
  9926 | D:7      | Reached skill level 5 in Air Magic
  9926 | D:7      | Reached skill level 5 in Earth Magic
  9926 | D:7      | Reached skill level 5 in Alchemy
  9926 | D:7      | Reached XP level 11. HP: 46/78 MP: 0/0
  9926 | D:7      | Learned a level 4 spell: Olgreb's Toxic Radiance
 10730 | D:7      | XOM: give mutation
 10730 | D:7      | Gained mutation: Your mind is very acute. (Int +8, Str/Dex
                  | -2) [Xom's mischief]
 10842 | D:7      | XOM: give mutation
 10842 | D:7      | Lost mutation: You possess an exceptional clarity of mind.
                  | [Xom's mischief]
 11491 | D:8      | Reached skill level 10 in Long Blades
 11570 | D:8      | XOM: enchant monster (good)
 11602 | D:8      | XOM: cloud trail
 11634 | D:8      | XOM: god gift: scroll of teleportation
 11666 | D:8      | XOM: divination: detect creatures
 11945 | D:8      | XOM: confuse monster(s)
 12405 | D:9      | Noticed a two-headed ogre
 12420 | D:9      | XOM: confuse monster(s)
 12433 | D:9      | Killed a two-headed ogre
 12515 | D:9      | Noticed Harold
 12537 | D:9      | Killed Harold
 12747 | D:9      | XOM: noise
 13010 | D:9      | XOM: give mutations
 13010 | D:9      | Lost mutation: Your mind is very acute. (Int +8, Str/Dex
                  | -2) [Xom's mischief]
 13010 | D:9      | Lost mutation: You are weak. (Str -2) [Xom's mischief]
 13224 | D:10     | Entered Level 10 of the Dungeon
 13286 | D:10     | Noticed a two-headed ogre
 13294 | D:10     | XOM: noise
 13304 | D:10     | XOM: confusion
 13306 | D:10     | Killed a two-headed ogre
 13486 | D:10     | XOM: summons 6 hostile demons
 13488 | D:10     | Found an iron altar of Okawaru.
 13550 | D:10     | XOM: give mutation
 13550 | D:10     | Lost mutation: You have a somewhat thin skeletal structure.
                  | (Dex +2, Stealth+) [Xom's mischief]
 13732 | D:10     | Found a staircase to the Lair.
 13742 | D:10     | Reached XP level 12. HP: 69/85 MP: 0/0
 13883 | D:10     | Noticed TheUltimateLifeform's ghost (journeyman HOFi)
 13885 | D:10     | Noticed a two-headed ogre
 13886 | D:10     | Found a transporter.
 13891 | D:10     | Found a transporter.
 13896 | D:10     | Noticed a deep troll
 13900 | D:10     | XOM: give mutations
 13900 | D:10     | Gained mutation: You are frail. (-10% HP) [Xom's mischief]
 13900 | D:10     | Lost mutation: Your mind is acute. (Int +4, Str/Dex -1)
                  | [Xom's mischief]
 13900 | D:10     | Gained mutation: Your muscles are strong. (Str +4, Int/Dex
                  | -1) [Xom's mischief]
 13905 | D:10     | XOM: give mutations
 13905 | D:10     | Gained mutation: You are strong-willed. (Will+) [Xom's
                  | mischief]
 13905 | D:10     | Lost mutation: You have sharp fingernails. [Xom's mischief]
 13905 | D:10     | Lost mutation: Your muscles are strong. (Str +4, Int/Dex
                  | -1) [Xom's mischief]
 13946 | D:10     | Found a bloodstained altar of Trog.
 13975 | D:10     | XOM: give mutation
 13975 | D:10     | Lost mutation: You have a pair of small horns on your head.
                  | [Xom's mischief]
 14055 | D:10     | XOM: chaos upgrade
 14098 | D:10     | Found a glowing golden altar of the Shining One.
 14164 | D:10     | Identified the +0 plate armour "Narucov" {rElec rF+ Will-
                  | SInv}
 14213 | D:10     | XOM: god gift: heavily runed scale mail {god gift}
 14213 | D:10     | Identified the +5 scale mail of Focus {Will+} (Xom gifted
                  | it to you on level 10 of the Dungeon)
 14248 | D:10     | XOM: enchant monster (bad)
 14256 | D:10     | XOM: potion effect (might)
 14262 | D:10     | XOM: butterfly on damage
 14349 | D:11     | XOM: 2-stop teleportation journey
 14351 | D:11     | XOM: confuse monster(s)
 14446 | D:11     | XOM: confuse monster(s)
 14456 | D:11     | Reached skill level 11 in Long Blades
 14462 | D:11     | XOM: confuse monster(s)
 14518 | D:11     | Found a runed translucent door.
 14519 | D:11     | Found a shimmering altar of Xom.
 14519 | D:11     | Noticed Zeia's ghost (novice MiFi)
 14519 | D:11     | Noticed a two-headed ogre
 14519 | D:11     | Noticed a +1 hand axe of chaos
 14542 | D:11     | Killed a two-headed ogre
 14784 | D:11     | XOM: summons friendly white imp
 14888 | D:11     | XOM: smoke on damage
 14897 | D:11     | XOM: divination: detect items
 14980 | D:11     | XOM: cast spell 'Metabolic Englaciation'
 15080 | D:11     | XOM: silly message
 15199 | D:11     | Identified the +4 ring mail "Gusumec" {Str+3}
 15238 | D:11     | Noticed an entropy weaver
 15246 | D:11     | Killed an entropy weaver
 15361 | D:11     | a spriggan changed into a fire crab
 15361 | D:11     | Noticed a fire crab (shapeshifter)
 15367 | D:11     | XOM: divination: detect creatures
 15369 | D:11     | XOM: smoke on damage
 15373 | D:11     | Reached skill level 1 in Evocations
 15381 | D:11     | Killed a fire crab
 15382 | D:11     | Reached XP level 13. HP: 16/83 MP: 0/0
 15382 | D:11     | Learned a level 5 spell: Fireball
 15698 | D:11     | XOM: give mutations
 15698 | D:11     | Gained mutation: You are covered in fur. (AC +1) [Xom's
                  | grace]
 15698 | D:11     | Lost mutation: You are frail. (-10% HP) [Xom's grace]
 15698 | D:11     | Gained mutation: You have a pair of small antennae on your
                  | head. [Xom's grace]
 15698 | D:11     | Gained mutation: You have a somewhat thin skeletal
                  | structure. (Dex +2, Stealth+) [Xom's grace]
 15819 | D:11     | XOM: noise
 15881 | Lair:1   | Entered Level 1 of the Lair of Beasts
 15970 | Lair:1   | XOM: polymorph cane toad -> shining eye
 16143 | Lair:1   | XOM: confuse monster(s)
 16414 | Lair:1   | XOM: confusion (+ monsters)
 16682 | Lair:2   | XOM: blink monster(s)
 16715 | Lair:2   | XOM: swap monsters
 16758 | Lair:2   | XOM: noise
 16949 | Lair:2   | Noticed Nergalle
 16959 | Lair:2   | Killed Nergalle
 16979 | Lair:2   | Found a dark tunnel.
 16979 | Lair:2   | XOM: enchant monster (bad)
 16991 | Volcano  | Entered a volcano
 17052 | Volcano  | XOM: 5-stop teleportation journey
 17362 | Volcano  | XOM: summons 3 friendly demons
 17366 | Volcano  | XOM: noise
 17369 | Volcano  | XOM: god gift: book of Power
 17371 | Volcano  | XOM: fog
 17389 | Volcano  | XOM: divine lightning
 17413 | Volcano  | XOM: smoke on damage
 17485 | Volcano  | XOM: enchant monster (good)
 17500 | Volcano  | XOM: scenery: 2 doors close
 17558 | Volcano  | Reached skill level 5 in Evocations
 17667 | Lair:2   | XOM: give mutations
 17667 | Lair:2   | Gained mutation: Your skin changes colour to match your
                  | surroundings (Stealth+). [Xom's grace]
 17667 | Lair:2   | Gained mutation: You are mostly covered in iridescent
                  | scales. (AC +4) [Xom's grace]
 17667 | Lair:2   | Gained mutation: You are agile. (Dex +4, Str/Int -1) [Xom's
                  | grace]
 17667 | Lair:2   | Gained mutation: You have sharp fingernails. [Xom's grace]
 18125 | Lair:2   | XOM: silly message
 18142 | Lair:2   | XOM: god gift: phantom mirror
 18230 | Lair:2   | XOM: scenery: summon butterflies
 18244 | Lair:2   | Reached skill level 12 in Long Blades
 18350 | Lair:3   | XOM: enchant monster (good)
 18372 | Lair:3   | XOM: divination: magic mapping
 18440 | Lair:3   | XOM: scenery: create altars
 18449 | Lair:3   | Reached XP level 14. HP: 77/99 MP: 0/0
 18453 | Lair:3   | XOM: destruction
 18469 | Lair:3   | XOM: scenery: create altars
 18484 | Lair:3   | XOM: divination: magic mapping
 18485 | Lair:3   | XOM: confuse monster(s)
 18493 | Lair:3   | Reached skill level 10 in Spellcasting
 18493 | Lair:3   | Reached skill level 10 in Conjurations
 18493 | Lair:3   | Reached skill level 10 in Hexes
 18493 | Lair:3   | Reached skill level 10 in Summonings
 18493 | Lair:3   | Reached skill level 10 in Necromancy
 18493 | Lair:3   | Reached skill level 10 in Translocations
 18493 | Lair:3   | Reached skill level 10 in Fire Magic
 18493 | Lair:3   | Reached skill level 10 in Ice Magic
 18493 | Lair:3   | Reached skill level 10 in Air Magic
 18493 | Lair:3   | Reached skill level 10 in Earth Magic
 18493 | Lair:3   | Reached skill level 10 in Alchemy
 18557 | Lair:3   | Found a staircase to the Swamp.
 18599 | Lair:3   | XOM: polymorph komodo dragon -> warg
 18664 | Lair:3   | Found the +8 storm bow {elec, penet}
 18670 | Lair:3   | XOM: noise
 18692 | Lair:3   | XOM: divination: detect items
 18714 | Lair:3   | Found a gate leading to a gauntlet.
 18723 | Gauntlet | Entered a Gauntlet
 18723 | Gauntlet | Found a transporter.
 18733 | Gauntlet | Found a transporter.
 18737 | Gauntlet | Found a transporter.
 18745 | Gauntlet | Found a transporter.
 18749 | Gauntlet | Found a transporter.
 18760 | Gauntlet | Found a transporter.
 18761 | Gauntlet | Found a transporter.
 18767 | Gauntlet | Found a runed translucent gate.
 18769 | Gauntlet | Found a runed translucent gate.
 18769 | Gauntlet | Found a transporter.
 18771 | Gauntlet | Found a runed translucent gate.
 18773 | Gauntlet | Found a transporter.
 18795 | Gauntlet | Found a transporter.
 18811 | Gauntlet | Found a transporter.
 18823 | Gauntlet | Found a transporter.
 18835 | Gauntlet | Found a transporter.
 18847 | Gauntlet | Found a transporter.
 18907 | Gauntlet | XOM: noise
 18950 | Gauntlet | Noticed a minotaur
 18978 | Gauntlet | Killed a minotaur
 18984 | Gauntlet | Identified the +2 robe of Mumblety Peg {rPois}
 18984 | Gauntlet | Identified the +6 scale mail "Paottu" {Will+ Stlth+}
 19018 | Gauntlet | XOM: summons 2 hostile demons
 19121 | Lair:3   | XOM: summons 8 hostile demons
 19160 | Lair:3   | Found a staircase to the Snake Pit.
 19270 | Lair:3   | XOM: god gift: staff of earth
 19298 | Lair:3   | XOM: destruction
 19481 | Lair:3   | XOM: god gift: ring mail {god gift}
 19608 | Lair:4   | XOM: 2-stop teleportation journey
 19863 | Lair:4   | Found a staircase to the Slime Pits.
 19863 | Lair:4   | Found a viscous altar of Jiyva.
 19876 | Lair:4   | XOM: summons friendly ufetubus
 20187 | Lair:4   | XOM: fog
 20463 | Lair:5   | Entered Level 5 of the Lair of Beasts
 20487 | Lair:5   | Noticed Kirke
 20487 | Lair:5   | XOM: blink monster(s)
 20570 | Lair:5   | XOM: torment (52/101 hp)
 20580 | Lair:5   | XOM: 3-stop teleportation journey
 20604 | Lair:5   | Noticed Rupert
 20605 | Lair:5   | XOM: blink monster(s)
 20607 | Lair:5   | XOM: fog
 20625 | Lair:5   | XOM: blink monster(s)
 20629 | Lair:5   | XOM: polymorph tyrant leech -> tyrant leech
 20643 | Lair:5   | HP: 3/101 [ice dragon/blast of cold (41)]
 20649 | Lair:5   | XOM: 2-stop teleportation journey
 20747 | Lair:5   | Reached XP level 15. HP: 72/105 MP: 0/0
 20747 | Lair:5   | Learned a level 6 spell: Bombard
 20765 | Lair:5   | XOM: summons 1 hostile demon
 20790 | Lair:5   | XOM: cleaving
 20792 | Lair:5   | XOM: cleaving
 20794 | Lair:5   | Slain by Rupert

Illustrated notes

Levels and vault maps discovered:
D:1:      zelgadis_glass_arrival_small, layout_loops_ring,
          minmay_misc_feat_roman, minmay_strange_pillars
D:2:      layout_loops_ring
D:3:      layout_loops_corners, trog_book, lemuel_round_altar,
          hellmonk_ecumenical_altar_defaced_shrine, gammafunk_ghost_cemetery,
          uniq_grinder
D:4:      minmay_opposing_rooms, layout_basic, minmay_temple_entry_tees,
          nicolae_ossuary_entry_plus, uniq_robin
D:5:      layout_loops_ring, lemuel_mausoleum_altar_kikubaaqudgha,
          mainiacjoe_overflow_catwalk_spiral
D:6:      kb_forest_paths, layout_basic
D:7:      layout_layer_cave, xom_confusion_cloud, gammafunk_ghost_cemetery,
          minmay_alternating_orb, uniq_maurice
D:8:      layout_basic
D:9:      layout_basic, minmay_statues_item, uniq_harold
D:10:     kennysheep_big_flooded_room, layout_basic,
          mainiacjoe_overflow_concentric_impassable,
          mainiacjoe_overflow_small_starburst, david_lair_shrubbed,
          gammafunk_ghost_wrathful_warriors
D:11:     dpeg_index_elf_rogue_hall, layout_rooms, ebering_ghost_xom,
          grunt_gozag_breadcrumbs
Lair:1:   layout_misc_corridors, infiniplex_staircase_pool_2,
          serial_bayou_shore_b
Lair:2:   layout_cave_pods, enter_volcano_3, infiniplex_staircase_pool,
          serial_bayou_shore_a, uniq_nergalle
Lair:3:   layout_hall_layers, minmay_swamp_entry_reptiles,
          guppyfry_snake_entry_garden, gauntlet_entry_generic
Lair:4:   layout_roguey, nicolae_slime_entry_slimehenge,
          pdpol_lair_cavern_descent, lemuel_fruit_fields
Lair:5:   guppyfry_lair_end_dragon, layout_loops_ring, wormcave,
          grunt_megastairs_4, uniq_rupert, uniq_kirke

Skill      XL: |  1  2  3  4  5  6  7  8  9 10 11 12 13 14 |
---------------+-------------------------------------------+-----
Long Blades    | 3 4 5 6 8 9 10 11 12 | 12.4
Spellcasting   | 1 2 3 5 6 8 9 11 | 11.0
Conjurations   | 1 2 3 5 6 8 9 11 | 11.0
Hexes          | 1 2 3 5 6 8 9 11 | 11.0
Summonings     | 1 2 3 5 6 8 9 11 | 11.0
Necromancy     | 1 2 3 5 6 8 9 11 | 11.0
Translocations | 1 2 3 5 6 8 9 11 | 11.0
Fire Magic     | 1 2 3 5 6 8 9 11 | 11.0
Ice Magic      | 1 2 3 5 6 8 9 11 | 11.0
Air Magic      | 1 2 3 5 6 8 9 11 | 11.0
Earth Magic    | 1 2 3 5 6 8 9 11 | 11.0
Alchemy        | 1 2 3 5 6 8 9 11 | 11.0
Armour         | 2 3 4 5 6 |  6.9
Dodging        | 3 4 5 6 7 8 |  8.8
Fighting       | 4 5 6 7 8 9 |  9.2
Shields        | 1 2 3 4 |  4.8
Evocations     | 1 5 8 |  8.9
Throwing       | |  0.1

Action                     |  1- 3 |  4- 6 |  7- 9 | 10-12 | 13-15 || total
---------------------------+-------+-------+-------+-------+-------++-------
  Melee: Falchion          |    89 |   144 |   421 |   522 |   364 ||  1540
         Bite              |     1 |    13 |    74 |    73 |    61 ||   222
         Punch             |     1 |     1 |     8 |    10 |     4 ||    24
         Headbutt          |       |       |    86 |    66 |       ||   152
  Throw: Throwing net      |       |       |       |       |     1 ||     1
   Cast: Mephitic Cloud    |       |       |    16 |    53 |    32 ||   101
         Olgreb's Toxic Ra |       |       |       |    55 |    84 ||   139
         Iskenderun's Myst |       |       |       |     2 |    34 ||    36
         Fireball          |       |       |       |       |    56 ||    56
  Evoke: Wand              |       |       |       |     7 |     2 ||     9
    Use: Potion            |       |     4 |       |       |     1 ||     5
         Scroll            |       |     2 |     8 |     9 |     5 ||    24
   Stab: Confused          |       |     5 |    12 |    29 |     4 ||    50
         Distracted        |       |       |     1 |       |       ||     1
         Paralysed         |       |       |     2 |       |       ||     2
         Sleeping          |       |       |     2 |       |       ||     2
         Petrifying        |       |       |     1 |     1 |     2 ||     4
         Petrified         |       |       |       |     4 |    15 ||    19
         Invisible         |       |       |       |       |     2 ||     2
 Armour: Leather armour    |    55 |    75 |   221 |   126 |       ||   477
         Skin              |       |     3 |       |       |       ||     3
         Troll leather arm |       |       |       |   102 |       ||   102
         Ring mail         |       |       |       |    13 |   222 ||   235
  Dodge: Dodged            |    49 |    72 |   193 |   266 |   253 ||   833
  Block: Other             |       |       |    79 |    90 |     1 ||   170
         Reflection        |       |       |     1 |     4 |       ||     5
